BR
ELKINS STING RAYS @ OCEANSIDE SWAMP FOXES
09/20/2026
 
TOP OF THE 1ST
Elkins Sting Rays batting - Pitching for Oceanside Swamp Foxes : RHP Jorge Guillén
Pitching: RHP Jorge Guillén
Batting: RHB Jorge Paredes 0-0: Called Strike
0-1: Foul Ball, location: 2F
0-2: Ball
1-2: Fly out, F7 (Flyball, 78M)
Batting: RHB Alfonso Sánchez 0-0: Called Strike
0-1: Called Strike
0-2: Ball
1-2: Foul Ball, location: 2F
1-2: Strikes out swinging
Batting: RHB Dennis Mays 0-0: Ground out 5-3 (Groundball, 56)
Top of the 1st over - 0 run(s), 0 hit(s), 0 error(s), 0 left on base; Elkins 0 - Oceanside 0
BOTTOM OF THE 1ST
Oceanside Swamp Foxes batting - Pitching for Elkins Sting Rays : RHP Jeff Bergeron
Pitching: RHP Jeff Bergeron
Batting: RHB José Dávila 0-0: Ball
1-0: SOLO HOME RUN (Flyball, 78XD) (Inside the Park)
Batting: SHB Alberto Sandoval 0-0: Ball
1-0: Called Strike
1-1: Ball
2-1: SINGLE (Line Drive, 4MD)
Batting: LHB Hamilton Hughes 0-0: Ball
1-0: Foul Ball, location: 2F
1-1: Ball
2-1: Fly out, F9 (Flyball, 9M)
Batting: RHB Rob Turner 0-0: Called Strike
0-1: Foul Ball, location: 2F
0-2: Fly out, F5 (Line Drive, 56)
Batting: SHB Tony Yan 0-0: Ball
Alberto Sandoval is caught stealing 2nd base
Bottom of the 1st over - 1 run(s), 2 hit(s), 0 error(s), 0 left on base; Elkins 0 - Oceanside 1
TOP OF THE 2ND
Elkins Sting Rays batting - Pitching for Oceanside Swamp Foxes : RHP Jorge Guillén
Batting: RHB José Ramos 0-0: Ball
1-0: Foul Ball, location: 2F
1-1: Foul Ball, location: 2F
1-2: Ball
2-2: Ground out 4-3 (Groundball, 4)
Batting: SHB Hang-ki Yue 0-0: Foul Ball, location: 2F
0-1: Called Strike
0-2: Ball
1-2: Ball
2-2: Strikes out looking
Batting: RHB Juan Hernández 0-0: Ball
1-0: Swinging Strike
1-1: Swinging Strike
1-2: Ball
2-2: Ball
3-2: Ground out 4-3 (Groundball, 34)
Top of the 2nd over - 0 run(s), 0 hit(s), 0 error(s), 0 left on base; Elkins 0 - Oceanside 1
BOTTOM OF THE 2ND
Oceanside Swamp Foxes batting - Pitching for Elkins Sting Rays : RHP Jeff Bergeron
Batting: SHB Tony Yan 0-0: Ball
1-0: Called Strike
1-1: Swinging Strike
1-2: Ball
2-2: Ball
3-2: Foul Ball, location: 2F
3-2: Base on Balls
Batting: RHB Joe Brinkman 0-0: SINGLE (Line Drive, 6MD)
Tony Yan to second
Runner from 2nd tries for 3rd, SAFE, no throw or cutoff
Batting: SHB David Boyle 0-0: Fly out, F8 (Flyball, 8LM)
Runner from 3rd tags up, SCORES, no throw
Batting: SHB Dale Winters 0-0: Ball
1-0: Ball
2-0: SINGLE (Line Drive, 8RS)
Joe Brinkman to second
Runner from 2nd tries for 3rd, SAFE, throw made to third
Batting: RHB Júlio Rodríguez 0-0: Foul Ball, location: 2F
0-1: Grounds into double play, 6-4-3 (Groundball, 6D)
Bottom of the 2nd over - 1 run(s), 2 hit(s), 0 error(s), 1 left on base; Elkins 0 - Oceanside 2
TOP OF THE 3RD
Elkins Sting Rays batting - Pitching for Oceanside Swamp Foxes : RHP Jorge Guillén
Batting: RHB Jesús Ruíz 0-0: Called Strike
0-1: DOUBLE (Flyball, 78XD)
Batting: LHB Ángel Flores 0-0: Called Strike
0-1: Ball
1-1: Ball
2-1: Ball
3-1: Foul Ball, location: 2F
3-2: Strikes out swinging
Batting: SHB Bryan Long 0-0: Ball
1-0: Called Strike
1-1: Ball
2-1: Ball
3-1: Ground out 6-3 (Groundball, 6M)
Jesús Ruíz to third
Batting: RHB Jorge Paredes 0-0: Ball
1-0: Fly out, F6 (Popup, 6D)
Top of the 3rd over - 0 run(s), 1 hit(s), 0 error(s), 1 left on base; Elkins 0 - Oceanside 2
BOTTOM OF THE 3RD
Oceanside Swamp Foxes batting - Pitching for Elkins Sting Rays : RHP Jeff Bergeron
Batting: RHB José Dávila 0-0: Called Strike
0-1: Ball
1-1: Ground out 6-3 (Groundball, 6)
Batting: SHB Alberto Sandoval 0-0: Fly out, F5 (Popup, 5SF)
Batting: LHB Hamilton Hughes 0-0: SOLO HOME RUN (Flyball, 8RXD), Distance : 437 ft
Batting: RHB Rob Turner 0-0: Ball
1-0: Ground out 5-3 (Groundball, 56)
Bottom of the 3rd over - 1 run(s), 1 hit(s), 0 error(s), 0 left on base; Elkins 0 - Oceanside 3
TOP OF THE 4TH
Elkins Sting Rays batting - Pitching for Oceanside Swamp Foxes : RHP Jorge Guillén
Batting: RHB Alfonso Sánchez 0-0: Ball
1-0: Called Strike
1-1: Ground out 6-3 (Groundball, 6)
Batting: RHB Dennis Mays 0-0: Ball
1-0: Called Strike
1-1: SINGLE (Groundball, 15) (infield hit)
Batting: RHB José Ramos 0-0: Called Strike
0-1: Swinging Strike
0-2: Ball
1-2: Foul Ball, location: 2F
1-2: Strikes out swinging
Batting: SHB Hang-ki Yue 0-0: Ball
1-0: Ground out 3-1 (Groundball, 34)
Top of the 4th over - 0 run(s), 1 hit(s), 0 error(s), 1 left on base; Elkins 0 - Oceanside 3
BOTTOM OF THE 4TH
Oceanside Swamp Foxes batting - Pitching for Elkins Sting Rays : RHP Jeff Bergeron
Batting: SHB Tony Yan 0-0: Foul Ball, location: 2F
0-1: Ball
1-1: Foul Ball, location: 2F
1-2: Ball
2-2: Ball
3-2: Foul Ball, location: 2F
3-2: DOUBLE (Line Drive, 9LM)
Batting: RHB Joe Brinkman 0-0: Ball
1-0: Called Strike
1-1: SINGLE (Line Drive, 4MD)
Tony Yan to third
Runner from 3rd tries for Home, SAFE, no throw or cutoff
Batting: SHB David Boyle 0-0: Fielders Choice at 2nd, 1-6 (Groundball, 15)
Batting: SHB Dale Winters 0-0: Called Strike
David Boyle steals 2nd base
0-1: Called Strike
0-2: Ball
1-2: Fly out, F7 (Popup, 78S)
Batting: RHB Júlio Rodríguez 0-0: Ball
1-0: Ground out 6-3 (Groundball, 6)
Bottom of the 4th over - 1 run(s), 2 hit(s), 0 error(s), 1 left on base; Elkins 0 - Oceanside 4
TOP OF THE 5TH
Elkins Sting Rays batting - Pitching for Oceanside Swamp Foxes : RHP Jorge Guillén
Batting: RHB Juan Hernández 0-0: Ball
1-0: Foul Ball, location: 2F
1-1: Foul Ball, location: 2F
1-2: Foul Ball, location: 2F
1-2: Strikes out swinging
Batting: RHB Jesús Ruíz 0-0: Ball
1-0: Called Strike
1-1: Fly out, F8 (Flyball, 8LM)
Batting: LHB Ángel Flores 0-0: Reached on Error, E9 (Flyball, 89M)
Batting: SHB Bryan Long 0-0: Swinging Strike
0-1: Ball
1-1: Called Strike
1-2: Ball
2-2: Ball
3-2: Fly out, F8 (Flyball, 8RM)
Top of the 5th over - 0 run(s), 0 hit(s), 1 error(s), 1 left on base; Elkins 0 - Oceanside 4
BOTTOM OF THE 5TH
Oceanside Swamp Foxes batting - Pitching for Elkins Sting Rays : RHP Jeff Bergeron
Batting: RHB José Dávila 0-0: Ball
1-0: Ball
2-0: Ball
3-0: Called Strike
3-1: Called Strike
3-2: Base on Balls
Batting: SHB Alberto Sandoval 0-0: Ball
1-0: Ball
2-0: Ball
3-0: Foul Ball, location: 2F
3-1: Foul Ball, location: 2F
3-2: SINGLE (Line Drive, 4MD)
José Dávila to second
Batting: LHB Hamilton Hughes 0-0: Ball
1-0: Ball
2-0: Ball
3-0: Called Strike
3-1: Swinging Strike
3-2: Grounds into double play, 4-6-3 (Groundball, 4)
José Dávila to third
Batting: RHB Rob Turner 0-0: Called Strike
0-1: Ball
1-1: Foul Ball, location: 2F
1-2: Fly out, F7 (Flyball, 78M)
Bottom of the 5th over - 0 run(s), 1 hit(s), 0 error(s), 1 left on base; Elkins 0 - Oceanside 4
TOP OF THE 6TH
Elkins Sting Rays batting - Pitching for Oceanside Swamp Foxes : RHP Jorge Guillén
Batting: RHB Jorge Paredes 0-0: Ball
1-0: Ball
2-0: Called Strike
2-1: SINGLE (Groundball, 56D) (infield hit)
Batting: RHB Alfonso Sánchez 0-0: Ball
1-0: Ball
2-0: Ball
3-0: Hit by Pitch
Jorge Paredes to second
Batting: RHB Dennis Mays 0-0: SINGLE (Groundball, 34D) (infield hit)
Jorge Paredes to third
Alfonso Sánchez to second
Batting: RHB José Ramos 0-0: Ball
1-0: Ball
2-0: Grounds into fielders choice 1-2 (Groundball, 13S)
Alfonso Sánchez to third
Dennis Mays to second
Pitching: LHP Lorenzo Guzmán
Batting: SHB Hang-ki Yue 0-0: Ball
Wild Pitch!
Alfonso Sánchez scores
Dennis Mays to third
José Ramos to second
1-0: Ball
2-0: Ball
3-0: Called Strike
3-1: Called Strike
3-2: Strikes out swinging
Batting: RHB Juan Hernández 0-0: Ball
1-0: Ball
2-0: Called Strike
2-1: Ball
3-1: Base on Balls
Batting: RHB Jesús Ruíz 0-0: Called Strike
0-1: Ball
1-1: Foul Ball, location: 2F
1-2: Foul Ball, location: 2F
1-2: Strikes out looking
Top of the 6th over - 1 run(s), 2 hit(s), 0 error(s), 3 left on base; Elkins 1 - Oceanside 4
BOTTOM OF THE 6TH
Oceanside Swamp Foxes batting - Pitching for Elkins Sting Rays : RHP Jeff Bergeron
Batting: SHB Tony Yan 0-0: Called Strike
0-1: Ball
1-1: Ball
2-1: Swinging Strike
2-2: Strikes out swinging
Batting: RHB Joe Brinkman 0-0: Ground out 2-3 (Groundball, 25)
Batting: SHB David Boyle 0-0: Ground out 3-1 (Groundball, 34S)
Bottom of the 6th over - 0 run(s), 0 hit(s), 0 error(s), 0 left on base; Elkins 1 - Oceanside 4
TOP OF THE 7TH
Elkins Sting Rays batting - Pitching for Oceanside Swamp Foxes : LHP Lorenzo Guzmán
Batting: LHB Ángel Flores 0-0: Ball
1-0: Ball
2-0: DOUBLE (Flyball, 78M)
Batting: SHB Bryan Long 0-0: Ball
Ángel Flores steals 3rd base
1-0: Swinging Strike
1-1: Ball
2-1: Ground out 6-3 (Groundball, 6M)
Ángel Flores scores
Batting: RHB Jorge Paredes 0-0: Called Strike
0-1: Foul Ball, location: 2F
0-2: Ball
1-2: Ball
2-2: Strikes out swinging
Batting: RHB Alfonso Sánchez 0-0: Ball
1-0: Ball
2-0: Swinging Strike
2-1: Foul Ball, location: 2F
2-2: Strikes out swinging
Top of the 7th over - 1 run(s), 1 hit(s), 0 error(s), 0 left on base; Elkins 2 - Oceanside 4
BOTTOM OF THE 7TH
Oceanside Swamp Foxes batting - Pitching for Elkins Sting Rays : RHP Jeff Bergeron
Batting: SHB Dale Winters 0-0: Ball
1-0: Ball
2-0: Fly out, F6 (Popup, 6D)
Batting: RHB Júlio Rodríguez 0-0: Ball
1-0: SINGLE (Line Drive, 56D)
Batting: RHB José Dávila 0-0: Swinging Strike
0-1: Ball
1-1: Swinging Strike
1-2: Ball
2-2: 2-RUN HOME RUN (Flyball, 7D), Distance : 382 ft
Batting: SHB Alberto Sandoval 0-0: SINGLE (Line Drive, 34)
Batting: LHB Hamilton Hughes 0-0: Called Strike
0-1: Ball
1-1: Swinging Strike
1-2: Ball
2-2: Foul Ball, location: 2F
2-2: SINGLE (Groundball, 4MD)
Alberto Sandoval to second
Batting: RHB Rob Turner 0-0: Ball
1-0: Ball
2-0: 3-RUN HOME RUN (Flyball, 7D), Distance : 391 ft
Pitching: RHP Juan González
Batting: SHB Tony Yan 0-0: Ball
1-0: Called Strike
1-1: Ball
2-1: Foul Ball, location: 2F
2-2: Ball
Single, Error in OF, E8, batter to second base
Batting: RHB Joe Brinkman 0-0: Ball
Tony Yan steals 3rd base
Balk!
Tony Yan scores
1-0: Ball
2-0: Foul Ball, location: 2F
2-1: Foul Ball, location: 2F
2-2: Ground out 3-1 (Groundball, 34)
Batting: SHB David Boyle 0-0: Ball
1-0: Ball
2-0: SINGLE (Groundball, 56D)
Batting: SHB Dale Winters 0-0: Foul Ball, location: 2F
0-1: Fly out, F7 (Flyball, 78S)
Bottom of the 7th over - 6 run(s), 7 hit(s), 1 error(s), 1 left on base; Elkins 2 - Oceanside 10
TOP OF THE 8TH
Elkins Sting Rays batting - Pitching for Oceanside Swamp Foxes : LHP Lorenzo Guzmán
Batting: RHB Dennis Mays 0-0: Ball
1-0: SINGLE (Line Drive, 6MD)
Batting: RHB José Ramos 0-0: Called Strike
0-1: Ball
1-1: Ball
2-1: Foul Ball, location: 2F
2-2: Foul Ball, location: 2F
2-2: Fly out, F9 (Flyball, 9LM)
Pitching: LHP Cedric Duncan
Batting: SHB Hang-ki Yue 0-0: Ball
1-0: Ball
2-0: Ball
3-0: Base on Balls
Dennis Mays to second
Batting: RHB Juan Hernández 0-0: Called Strike
0-1: Ball
1-1: Foul Ball, location: 2F
1-2: Grounds into double play, 6-4-3 (Groundball, 6)
Top of the 8th over - 0 run(s), 1 hit(s), 0 error(s), 1 left on base; Elkins 2 - Oceanside 10
BOTTOM OF THE 8TH
Oceanside Swamp Foxes batting - Pitching for Elkins Sting Rays : RHP Juan González
Batting: RHB Júlio Rodríguez 0-0: Ground out 6-3 (Groundball, 6)
Batting: RHB José Dávila 0-0: Ball
1-0: Ball
2-0: Ball
3-0: Base on Balls
Batting: SHB Alberto Sandoval 0-0: Called Strike
0-1: Ball
1-1: Called Strike
1-2: DOUBLE (Line Drive, 9LS)
José Dávila to third
Batting: LHB Hamilton Hughes 0-0: Ball
1-0: Foul Ball, location: 2F
1-1: DOUBLE (Groundball, 5L)
José Dávila scores
Alberto Sandoval scores
Batting: RHB Rob Turner 0-0: Ball
1-0: Foul Ball, location: 2F
1-1: Fly out, F4 (Popup, 34D)
Batting: SHB Tony Yan 0-0: Ball
1-0: Called Strike
1-1: Ball
Wild Pitch!
Hamilton Hughes to third
2-1: Ball
3-1: DOUBLE (Groundball, 3D)
Hamilton Hughes scores
Batting: RHB Joe Brinkman 0-0: Ball
1-0: Called Strike
1-1: Ball
2-1: Ball
3-1: Fly out, F7 (Flyball, 78S)
Bottom of the 8th over - 3 run(s), 3 hit(s), 0 error(s), 1 left on base; Elkins 2 - Oceanside 13
TOP OF THE 9TH
Elkins Sting Rays batting - Pitching for Oceanside Swamp Foxes : LHP Cedric Duncan
Batting: RHB Jesús Ruíz 0-0: Ball
1-0: Fly out, F9 (Line Drive, 9S)
Batting: LHB Ángel Flores 0-0: Ball
1-0: Called Strike
1-1: DOUBLE (Line Drive, 9LM)
Batting: SHB Bryan Long 0-0: Ball
1-0: Ball
2-0: Foul Ball, location: 2F
2-1: Fly out, F8 (Flyball, 8LS)
Batting: RHB Jorge Paredes 0-0: Ball
1-0: Foul Ball, location: 2F
1-1: Ball
2-1: Swinging Strike
Pickoff Throw to Second - Out!
Top of the 9th over - 0 run(s), 1 hit(s), 0 error(s), 0 left on base; Elkins 2 - Oceanside 13
Monday, December 5th, 2016 - OOTP Baseball 17.12 Build 75